 Dungeon Crawl Stone Soup version 0.31-a0-345-g1ebeae0 (webtiles) character file.

Game seed: 11294463285680053679

46942 Cunctator the Carver (level 14, -7/113 HPs)
             Began as a Gnoll Cinder Acolyte on July 22, 2023.
             Was an Initiate of Cheibriados.
             Killed from afar by Jorgrun (55 damage)
             ... with an entropic shot
             ... on level 12 of the Dungeon.
             The game lasted 02:11:41 (29267 turns).

Cunctator the Carver (Gnoll Cinder Acolyte)        Turns: 29267, Time: 02:11:42

Health: -7/113     AC: 21    Str: 15    XL:     14   Next: 39%
Magic:  16/27      EV: 14    Int: 19    God:    Cheibriados [......]
Gold:   710        SH:  0    Dex:  9    Spells: 17/32 levels left

rFire   . . .        V - staff of fire
rCold   . . .        (no shield)
rNeg    . . .        X - +0 acid dragon scales
rPois   .            i - +0 helmet
rElec   .            W - +2 cloak
rCorr   +            L - +0 pair of gloves
SInv    .            J - +1 pair of boots
Will    +....        (no amulet)
Stlth   ++++         m - ring of wizardry
HPRegen 0.38/turn    q - +4 ring of protection
MPRegen 0.20/turn

%: wizardry (x1)
@: mighty, fire susceptible, very slow
A: fangs 1, strong nose, distributed training
a: Renounce Religion


You were on level 12 of the Dungeon.
You worshipped Cheibriados.
Cheibriados was noncommittal.
You visited 3 branches of the dungeon, and saw 17 of its levels.
You visited the Abyss 1 time.

You collected 1062 gold pieces.
You spent 352 gold pieces at shops.

Inventory:

Hand Weapons
 H - a +4 long sword
Missiles
 a - a throwing net
 j - 170 stones
 k - 14 javelins
 U - 18 poisoned darts
 Y - 6 atropa-tipped darts
Armour
 i - a +0 helmet (worn)
 x - a +3 leather armour
 J - a +1 pair of boots (worn)
 L - a +0 pair of gloves (worn)
 W - a +2 cloak (worn)
 X - +0 acid dragon scales (worn)
Magical Staves
 c - the staff of the Wheel {rElec rPois Int+3 Dex+5 Poison}
   (You found it on level 8 of the Dungeon)

   [staff of poison]

   Base accuracy: +5 Base damage: 5 Base attack delay: 1.2 This weapon's minimum
   attack delay (0.6) is reached at skill level 12.
   Int:       It affects your intelligence (+3).
   Dex:       It affects your dexterity (+5).
   rElec:     It insulates you from electricity.
   rPois:     It protects you from poison.
   Poison:    It increases the power of your Poison spells.
   It falls into the 'Staves' category.
   It is a one-handed weapon.
 V - a staff of fire (weapon)
Jewellery
 m - a ring of wizardry (left hand)
 n - a +5 ring of evasion
 p - a ring of see invisible
 q - a +4 ring of protection (right hand)
 F - a ring of magical power
 O - a ring of protection from cold
 R - a +4 ring of protection
Wands
 u - a wand of roots (7)
 D - a wand of digging (3)
 I - a wand of acid (3)
 M - a wand of charming (9)
 S - a wand of flame (9)
 T - a wand of mindburst (14)
Scrolls
 b - 3 scrolls of amnesia {unknown}
 d - a scroll of torment {unknown}
 e - a scroll of silence
 h - 4 scrolls of enchant armour
 o - 4 scrolls of fog
 r - a scroll of poison
 t - 2 scrolls of brand weapon {unknown}
 y - 3 scrolls of immolation
 z - 5 scrolls of vulnerability {unknown}
 B - 2 scrolls of fear {unknown}
 G - a scroll of revelation {unknown}
 P - 3 scrolls of blinking
 Q - 3 scrolls of identify
 Z - 2 scrolls of enchant weapon {unknown}
Potions
 f - 5 potions of curing
 g - a potion of mutation
 l - 3 potions of berserk rage
 s - 2 potions of attraction
 v - 3 potions of might
 w - 3 potions of enlightenment
 C - a potion of cancellation {unknown}
 E - a potion of lignification {unknown}
 K - a potion of heal wounds
 N - a potion of brilliance {unknown}
Miscellaneous
 A - a lightning rod (1/4)


   Skills:
 + Level 11.4 Fighting
 + Level 9.3 Short Blades
 + Level 11.4 Long Blades
 + Level 9.3 Axes
 + Level 9.3 Maces & Flails
 + Level 9.3 Polearms
 + Level 9.3 Staves
 + Level 9.3 Ranged Weapons
 + Level 9.3 Throwing
 + Level 9.3 Armour
 + Level 9.3 Dodging
 + Level 9.3 Stealth
 + Level 9.3 Shields
 + Level 9.3 Unarmed Combat
 + Level 9.8 Spellcasting
 + Level 7.8 Conjurations
 + Level 7.8 Hexes
 + Level 7.8 Summonings
 + Level 7.8 Necromancy
 + Level 7.8 Translocations
 + Level 7.8 Transmutations
 + Level 9.6 Fire Magic
 + Level 7.8 Ice Magic
 + Level 7.8 Air Magic
 + Level 7.8 Earth Magic
 + Level 7.8 Poison Magic
 + Level 10.2 Invocations
 + Level 9.3 Evocations
 + Level 7.8 Shapeshifting


You had 17 spell levels left.
You knew the following spells:

 Your Spells              Type           Power      Damage    Failure   Level
a - Scorch                Fire           100%       2d9       1%          2
b - Call Imp              Summ           78%        N/A       1%          2
c - Sticky Flame          Conj/Fire      59%        2d7       1%          4
d - Swiftness             Air            39%        N/A       1%          3
e - Fulminant Prism       Conj/Hex       19%        3d10      1%          4

Your spell library contained the following spells:

 Spells                   Type           Power      Damage    Failure   Level
 Kiss of Death            Conj/Necr      100%       2d13      1%          1
 Magic Dart               Conj           100%       1d8       1%          1
 Slow                     Hex            100%       N/A       1%          1
 Ensorcelled Hibernation  Hex/Ice        78%        N/A       1%          2
 Lesser Beckoning         Tloc           78%        N/A       1%          2
 Passwall                 Tmut/Erth      32%        N/A       1%          2
 Searing Ray              Conj           78%        2d7       1%          2
 Confusing Touch          Hex            39%        N/A       1%          3
 Gell's Gravitas          Tloc           39%        N/A       1%          3
 Ignite Poison            Fire/Tmut/Pois 58%        N/A       1%          3
 Mephitic Cloud           Conj/Pois/Air  39%        N/A       1%          3
 Teleport Other           Tloc           39%        N/A       1%          3
 Vampiric Draining        Necr           39%        2d8       1%          3
 Vhi's Electric Charge    Tloc/Air       78%        N/A       1%          3
 Volatile Blastmotes      Fire/Tloc      100%       2d18      1%          3
 Iskenderun's Mystic Bla  Conj/Tloc      39%        2d9       1%          4
 Summon Ice Beast         Ice/Summ       39%        N/A       1%          4
 Arcjolt                  Conj/Air       19%        1d29      4%          5
 Summon Mana Viper        Hex/Summ       39%        N/A       4%          5
 Plasma Beam              Fire/Air       29%        2x1d42    16%         6
 Monstrous Menagerie      Summ           19%        N/A       77%         7
 Ignition                 Fire           31%        3d10      99%         8


Dungeon Overview and Level Annotations

Branches:
Dungeon (12/15)            Temple (1/1) D:4            Lair (4/5) D:10
 Shoals (0/4) Lair:2       Spider (0/4) Lair:3          Orc (0/2) D:11
  Slime: Lair:4-5

Altars:
Ashenzari
Cheibriados
Dithmenos
Elyvilon
Fedhas
Gozag
Hepliaklqana
Kikubaaqudgha
Makhleb
Nemelex Xobeh
Okawaru
Qazlal
Ru
Sif Muna
Trog
Uskayaw
Vehumet
Wu Jian
Xom
Yredelemnul
Zin
The Shining One

Shops:
D:2 !   D:5 ==:((   D:7 (:**[   D:10 *

Annotations:
D:10 1 runed translucent door, exclusion: door
D:12 2 transporters, Fiboati's ghost, journeyman OgDe; Jorgrun


Innate Abilities, Weirdness & Mutations

You have very sharp teeth.
Your uncanny sense of smell can sniff out nearby items.
Your experience applies equally to all skills.


Message History

The boulder beetle is almost dead.
You hear a howl!
The boulder beetle bites you but does no damage.
The orc wizard mumbles some strange words.
The orc wizard flickers and vanishes!
Your cerulean imp closely misses Snorg.
Aiming: Thunderbolt
Press: ? - help, Shift-Dir - straight line The thunderbolt hits Snorg!!
Snorg is severely wounded.
The thunderbolt hits the boulder beetle!!
You kill the boulder beetle!
Cheibriados thoroughly appreciates the change of pace.
Snorg rages.
Some rock shatters into small pieces.
Your cerulean imp hits Snorg but does no damage.
Aiming: Thunderbolt
Press: ? - help, Shift-Dir - straight line The thunderbolt hits something!!
Cheibriados appreciates the change of pace.
Reactivating autopickup.
You feel a bit more experienced.
The thunderbolt hits Snorg!!!
You kill Snorg!
Cheibriados thoroughly appreciates the change of pace.
A manticore comes into view.
A howler monkey comes into view.
An orc wizard comes into view. It is wielding a +0 dagger.
Your cerulean imp hits Jorgrun with a -1 spear.
Casting: Fulminant Prism (mildly dangerous; 1% risk of failure)
Confirm with . or Enter, or press ? or * to list all spells.
Aiming: Sticky Flame (mildly dangerous; 1% risk of failure)
Press: ? - help, Shift-Dir - straight line, f - Jorgrun
Aim: Jorgrun, wielding a +0 heavy quarterstaff, wearing a +1 robe and wearing an amulet of the acrobat (lightly wounded, ally target)
You feel a surge of power!
The sticky flame hits Jorgrun!
Jorgrun is lightly wounded.
Jorgrun is covered in liquid flames!
Jorgrun burns!
The orc wizard gestures at you while chanting.
Your cerulean imp easily resists.
Jorgrun gestures at you while chanting. The entropic shot hits you!!!
You die...

......##{WBlODH##............
.....H.##W###O##...########..
........##{YY##....# #..
.........#####.....# #..
....)..T..........## #..
........o.)○......# #.#
.........#)##.###.# #.#
.........#)5gh..#.# #.+
.........#..@..##.# #.#
........†#.....# .# #.#
########.......# #..
#.#.....# ... +.#.....# ...
∆#.#.....# ####### ∆


You could see Jorgrun (burning), a two-headed ogre, a manticore, a troll, a
howler monkey, an orc wizard (ally target) and a friendly cerulean imp
(summoned).

Vanquished Creatures
  Rupert (D:12)
  A very ugly thing (D:10)
  Snorg (D:12)
  5 hydras
  Harold (D:9)
  2 boulder beetles (D:12)
  2 two-headed ogres (D:10)
  2 death yaks
  Nergalle (D:10)
  Amaemon (D:9)
  2 wizards
  A lindwurm (Lair:4)
  A deep elf pyromancer (D:12)
  6 ugly things
  A large abomination (Abyss:2)
  Maurice (D:11)
  A black mamba (Lair:1)
  6 elephants
  An orange demon (D:9)
  4 torpor snails
  2 kobold demonologists (D:11)
  2 unseen horrors (D:11)
  6 cane toads
  Maggie (D:9)
  Psyche (D:9)
  3 rime drakes
  5 komodo dragons
  A freezing wraith (D:11)
  A troll (D:9)
  A polar bear (Lair:1)
  2 hornets
  13 blink frogs
  A snapping turtle (Lair:2)
  7 dream sheep
  2 jumping spiders (Lair:3)
  3 culicivoras (Lair:3)
  A shadow (D:9)
  A vampire (D:10)
  2 wraiths (D:11)
  A wyvern (D:9)
  43 yaks
  Grum (D:8)
  3 basilisks
  8 humans (D:8)
  2 redbacks (Lair:3)
  Edmund (D:8)
  An acid dragon (D:10)
  14 water moccasins
  Duvessa (D:4)
  2 ice beasts
  5 orc warriors
  2 sky beasts
  3 black bears
  3 wolves (D:8)
  2 ogres (D:7)
  3 centaurs
  A phantom (D:5)
  2 kobold brigands
  8 bullfrogs
  A gnoll sergeant (D:5)
  4 scorpions
  8 wights
  Dowan (D:4)
  6 killer bees
  4 howler monkeys
  3 electric eels
  5 hounds
  7 orc priests
  2 jellies
  2 gnoll boudas
  2 sleepcaps
  4 iguanas
  16 orc wizards
  7 hell rats
  15 gnolls
  4 adders
  2 white imps
  2 ufetubi
  A worm (D:3)
  2 dart slugs
  48 orcs
  3 endoplasms
  4 giant cockroaches
  8 goblins
  7 hobgoblins
  6 jackals
  10 quokkas
  3 ball pythons
  A bat (D:2)
  6 frilled lizards
  17 kobolds
  5 rats
  A butterfly (Lair:4)
419 creatures vanquished.

Vanquished Creatures (collateral kills)
  A hydra (Lair:2)
  2 yaks
  An orc priest (D:9)
4 creatures vanquished.

Vanquished Creatures (others)
  14 fulminant prisms
14 creatures vanquished.

Grand Total: 437 creatures vanquished

Notes
Turn   | Place    | Note
-------+----------+-------------------------------------------
     0 | D:1      | Cunctator the Gnoll Cinder Acolyte began the quest for the
                  | Orb.
     0 | D:1      | Reached XP level 1. HP: 23/23 MP: 4/4
    84 | D:1      | HP: 1/23 [hobgoblin (3)]
   333 | D:1      | Reached XP level 2. HP: 22/29 MP: 5/5
   409 | D:1      | Learned a level 2 spell: Scorch
  1018 | D:1      | Reached XP level 3. HP: 35/35 MP: 4/7
  1637 | D:2      | Reached skill level 1 in Invocations
  1948 | D:2      | Reached skill level 1 in Short Blades
  1948 | D:2      | Reached skill level 1 in Axes
  1948 | D:2      | Reached skill level 1 in Maces & Flails
  1948 | D:2      | Reached skill level 1 in Polearms
  1948 | D:2      | Reached skill level 1 in Staves
  1948 | D:2      | Reached skill level 1 in Ranged Weapons
  1948 | D:2      | Reached skill level 1 in Throwing
  1948 | D:2      | Reached skill level 1 in Armour
  1948 | D:2      | Reached skill level 1 in Dodging
  1948 | D:2      | Reached skill level 1 in Stealth
  1948 | D:2      | Reached skill level 1 in Shields
  1948 | D:2      | Reached skill level 1 in Unarmed Combat
  1948 | D:2      | Reached skill level 1 in Evocations
  2125 | D:2      | Found Huates's Distillery.
  2139 | D:2      | Bought a potion of heal wounds for 60 gold pieces
  2249 | D:2      | Reached XP level 4. HP: 41/41 MP: 3/8
  2722 | D:3      | Found an iron altar of Okawaru.
  2754 | D:3      | Reached skill level 1 in Conjurations
  2754 | D:3      | Reached skill level 1 in Hexes
  2754 | D:3      | Reached skill level 1 in Summonings
  2754 | D:3      | Reached skill level 1 in Necromancy
  2754 | D:3      | Reached skill level 1 in Translocations
  2754 | D:3      | Reached skill level 1 in Transmutations
  2754 | D:3      | Reached skill level 1 in Ice Magic
  2754 | D:3      | Reached skill level 1 in Air Magic
  2754 | D:3      | Reached skill level 1 in Earth Magic
  2754 | D:3      | Reached skill level 1 in Poison Magic
  2754 | D:3      | Reached skill level 1 in Shapeshifting
  3179 | D:3      | Found a faded altar of an unknown god.
  3228 | D:3      | Found a hide-covered altar of Uskayaw.
  3339 | D:3      | Reached XP level 5. HP: 47/47 MP: 4/9
  3390 | D:3      | Found a shimmering altar of Xom.
  3630 | D:3      | Found a basalt altar of Yredelemnul.
  3967 | D:4      | Found a blossoming altar of Fedhas.
  4166 | D:4      | Found a staircase to the Ecumenical Temple.
  4177 | D:4      | Noticed Dowan
  4179 | D:4      | Noticed Duvessa
  4431 | D:4      | Found a shadowy altar of Dithmenos.
  4860 | D:4      | Reached XP level 6. HP: 53/53 MP: 3/11
  4940 | D:4      | Found an opulent altar of Gozag.
  5036 | D:4      | Killed Duvessa
  5120 | D:4      | Killed Dowan
  5402 | D:4      | Reached XP level 7. HP: 55/59 MP: 7/12
  5403 | D:4      | Identified the +4 spear of the Sea {vamp, Fly Will- Str+5}
  5576 | Temple   | Entered the Ecumenical Temple
  5635 | D:5      | Entered Level 5 of the Dungeon
  5637 | D:5      | Found a bloodstained altar of Trog.
  6283 | D:5      | Found Lavvyxteu's Antique Weapon Boutique.
  6285 | D:5      | Found Ymnuutag's Antique Weapon Shop.
  6397 | D:5      | Reached XP level 8. HP: 67/67 MP: 2/14
  6543 | D:5      | Found Wovus's Jewellery Boutique.
  7014 | D:5      | Found an ancient bone altar of Kikubaaqudgha.
  7014 | D:5      | Found a shimmering blue altar of Sif Muna.
  7050 | D:5      | Got Kikubaaqudgha's Enchiridion on Maleficent Acts
  7065 | D:5      | Found a radiant altar of Vehumet.
  7176 | D:5      | Found Egobyt's Tremendous Tomes.
  7299 | D:5      | Found Vimin's Jewellery Shop.
  8171 | D:6      | Found an ornate altar of the Wu Jian Council.
  8448 | D:6      | Reached XP level 9. HP: 73/73 MP: 5/16
  8841 | D:7      | Found Jiakk's General Store.
  8848 | D:7      | Found Aloigar's Weapon Shop.
  8849 | D:7      | Bought a scroll of teleportation for 33 gold pieces
  8849 | D:7      | Bought a scroll of teleportation for 33 gold pieces
  8849 | D:7      | Bought a scroll of immolation for 44 gold pieces
  8851 | D:7      | Found Diyfoymm's Book Emporium.
  9026 | D:7      | Reached skill level 5 in Spellcasting
  9270 | D:7      | HP: 3/74 [orc warrior/stone (9)]
  9693 | D:7      | Found Elaykacu's Assorted Antiques.
  9693 | D:7      | You fall into a shaft and drop 3 floors!
  9693 | D:10     | Entered Level 10 of the Dungeon
  9696 | D:10     | Noticed a two-headed ogre
  9735 | D:9      | Noticed Psyche
  9741 | D:9      | Noticed Harold
  9802 | D:9      | Noticed Maggie
  9833 | D:9      | Killed Maggie
  9969 | D:9      | Reached skill level 5 in Invocations
 10339 | D:7      | Bought a scroll of identify for 56 gold pieces
 10339 | D:7      | Bought a scroll of identify for 56 gold pieces
 10363 | D:7      | Found Vaim's Antique Armour Boutique.
 10750 | D:7      | Learned a level 2 spell: Call Imp
 10762 | D:8      | Noticed a hornet
 10769 | D:8      | Paralysed by a hornet for 2 turns
 10909 | D:8      | Noticed Edmund
 10943 | D:8      | Reached XP level 10. HP: 80/80 MP: 18/18
 10999 | D:8      | Found a sacrificial altar of Ru.
 11011 | D:8      | Reached skill level 5 in Short Blades
 11011 | D:8      | Reached skill level 5 in Axes
 11011 | D:8      | Reached skill level 5 in Maces & Flails
 11011 | D:8      | Reached skill level 5 in Polearms
 11011 | D:8      | Reached skill level 5 in Staves
 11011 | D:8      | Reached skill level 5 in Ranged Weapons
 11011 | D:8      | Reached skill level 5 in Throwing
 11011 | D:8      | Reached skill level 5 in Armour
 11011 | D:8      | Reached skill level 5 in Dodging
 11011 | D:8      | Reached skill level 5 in Stealth
 11011 | D:8      | Reached skill level 5 in Shields
 11011 | D:8      | Reached skill level 5 in Unarmed Combat
 11011 | D:8      | Reached skill level 5 in Evocations
 11161 | D:8      | Learned a level 4 spell: Sticky Flame
 11324 | D:8      | Killed Edmund
 11943 | D:8      | Noticed Grum
 11963 | D:8      | Killed Grum
 12256 | D:8      | Identified the staff of the Wheel {rElec rPois Int+3 Dex+5
                  | Poison}
 12822 | D:9      | Reached XP level 11. HP: 81/87 MP: 11/20
 13013 | D:9      | Reached skill level 5 in Conjurations
 13013 | D:9      | Reached skill level 5 in Hexes
 13013 | D:9      | Reached skill level 5 in Summonings
 13013 | D:9      | Reached skill level 5 in Necromancy
 13013 | D:9      | Reached skill level 5 in Translocations
 13013 | D:9      | Reached skill level 5 in Transmutations
 13013 | D:9      | Reached skill level 5 in Ice Magic
 13013 | D:9      | Reached skill level 5 in Air Magic
 13013 | D:9      | Reached skill level 5 in Earth Magic
 13013 | D:9      | Reached skill level 5 in Poison Magic
 13013 | D:9      | Reached skill level 5 in Shapeshifting
 13053 | D:9      | Killed Harold
 13061 | D:9      | Killed Psyche
 13122 | D:9      | Noticed Amaemon
 13878 | D:9      | Killed Amaemon
 14287 | D:9      | Found a white marble altar of Elyvilon.
 14784 | D:10     | Noticed Nergalle
 14994 | D:10     | Found Utuugrit's General Store.
 15008 | D:10     | Bought a potion of heal wounds for 70 gold pieces
 15022 | D:10     | Found a burning altar of Makhleb.
 15171 | D:10     | Found a staircase to the Lair.
 15349 | D:10     | Found a runed translucent door.
 15353 | D:10     | Noticed a two-headed ogre
 15353 | D:10     | Noticed a death knight
 15374 | D:10     | Noticed a two-headed ogre
 15390 | D:10     | Killed a two-headed ogre
 15524 | D:10     | Killed a two-headed ogre
 15637 | D:10     | Found a stormy altar of Qazlal.
 15681 | D:10     | Noticed a spectral orc warlord
 16001 | D:10     | Noticed a white ugly thing
 16002 | D:10     | Noticed a brown ugly thing
 16002 | D:10     | Noticed a green ugly thing
 16006 | D:10     | Noticed a green ugly thing
 16031 | Lair:1   | Entered Level 1 of the Lair of Beasts
 16180 | Lair:1   | Reached XP level 12. HP: 79/96 MP: 1/23
 17806 | Lair:2   | Noticed a four-headed hydra
 17811 | Lair:2   | Killed a four-headed hydra
 18172 | Lair:2   | Reached skill level 10 in Fighting
 18172 | Lair:2   | Reached skill level 10 in Long Blades
 18242 | Lair:2   | Found a staircase to the Shoals.
 18643 | Lair:2   | Noticed a death yak
 18643 | Lair:2   | Noticed a death yak
 18660 | Lair:1   | Killed a death yak
 18839 | Lair:2   | Noticed a six-headed hydra
 18854 | Lair:2   | Killed a six-headed hydra
 20648 | Lair:2   | Killed a death yak
 20804 | Lair:3   | Noticed a four-headed hydra
 20818 | Lair:3   | Killed a four-headed hydra
 20819 | Lair:3   | Reached XP level 13. HP: 89/104 MP: 12/25
 20903 | Lair:3   | Learned a level 3 spell: Swiftness
 21045 | Lair:3   | Identified the +8 short sword of Drought {venom, rPois
                  | Will+}
 21058 | Lair:3   | Found a hole to the Spider Nest.
 22663 | Lair:3   | Learned a level 4 spell: Fulminant Prism
 24499 | Lair:4   | HP: 3/105 [eight-headed hydra (4)]
 26268 | D:10     | Reached XP level 14. HP: 91/107 MP: 15/27
 26416 | D:10     | Noticed a green very ugly thing
 26594 | D:10     | Killed Nergalle
 26699 | D:10     | Killed a green very ugly thing
 26845 | D:10     | Identified the +10 orcbow "Osithront" {freeze, *Slow rElec
                  | rC- rN+++}
 26970 | Abyss:2  | Cast into level 2 of the Abyss (a wizard)
 27016 | Abyss:2  | Noticed a starflower
 27134 | Abyss:2  | Noticed a green draconian
 27241 | Abyss:2  | Paralysed by an apocalypse crab for 4 turns
 27335 | Abyss:2  | Noticed a starcursed mass
 27349 | Abyss:2  | Noticed a starcursed mass
 27352 | D:10     | Escaped the Abyss
 27353 | D:10     | Upgraded the game from 0.31-a0-344-gd109795 to
                  | 0.31-a0-345-g1ebeae0
 27617 | D:11     | Reached skill level 10 in Invocations
 27751 | D:11     | Noticed Maurice
 27756 | D:11     | Killed Maurice
 27976 | D:11     | Found a staircase to the Orcish Mines.
 28816 | Temple   | Fell from the grace of Ignis
 28816 | Temple   | Became a worshipper of Cheibriados the Contemplative
 29145 | D:12     | Noticed Jorgrun
 29192 | D:12     | Found a transporter.
 29207 | D:12     | Found a transporter.
 29211 | D:12     | Noticed Fiboati's ghost (journeyman OgDe)
 29232 | D:12     | Noticed Rupert
 29249 | D:12     | Noticed Snorg
 29258 | D:12     | Killed Rupert
 29265 | D:12     | Killed Snorg
 29267 | D:12     | Killed from afar by Jorgrun

Illustrated notes

Levels and vault maps discovered:
D:1:      matt_arrival_debris, layout_basic, minmay_circled_x
D:2:      minmay_door_path, layout_loops_corners, serial_shops,
          nicolae_shop_hallway_plus, corner_web_ring, st_stairs_1
D:3:      layout_basic, mainiacjoe_overflow_concentric_impassable,
          general_overflow_altar, mainiacjoe_overflow_alcove_4,
          mainiacjoe_overflow_paths, ebering_ecumenical_altar_rust, hex_medium
D:4:      layout_rooms, fedhas_altar_1, nicolae_overflow_crystal_walls,
          nicolae_dithmenos_through_a_glass_darkly, temple_pool_b, uniq_duvessa
D:5:      layout_gridville, palyth_temple_overflow_mages, trog_butcher_becter,
          serial_shops, shop, nicolae_stop_n_shop_1, shop, shop,
          hangedman_decor_opposing, nicolae_shop_i_like_big_books
D:6:      layout_loops_cross, nzn_wu_jian_contemplation
D:7:      layout_gridville, serial_shops, nicolae_diamond_shop, shop,
          nicolae_stop_n_shop_2, nicolae_shop_hallway_stairs, shop
D:8:      erik_cavepeople, layout_loops_ring, nicolae_ru_sacrificial_ziggurat,
          uniq_grum
D:9:      layout_long_grid, lemuel_tele_altar, uniq_psyche, uniq_harold,
          uniq_amaemon, uniq_maggie
D:10:     cheibrodos_breeding_chamber, layout_irregular_city,
          mainiacjoe_overflow_24_doors, kennysheep_mini_moat, lair_entry_dummy,
          serial_column_ruins, column_ruins_pillar_3, column_ruins_pillar_3,
          column_ruins_pillar_9, column_ruins_pillar_1, column_ruins_pillar_4,
          column_ruins_pillar_2, column_ruins_pillar_6, column_ruins_pillar_7,
          column_ruins_pillar_10, column_ruins_pillar_1, column_ruins_pillar_3,
          column_ruins_pillar_4, column_ruins_pillar_6, column_ruins_pillar_9,
          serial_shops, nicolae_shop_waterfront, minmay_st_funbox, uniq_nergalle
D:11:     layout_roguey, orc_0_dummy, kb_lookout_dungeons_type,
          minmay_librarian, uniq_maurice
D:12:     layout_irregular_city, nzn_ghost_randoct,
          nicolae_trove_entry_free_sample, st_stairs_1, uniq_jorgrun,
          uniq_rupert, uniq_snorg
Temple:   nicolae_temple_two_arcs
Lair:1:   layout_chaotic_city, serial_bayou_shore_a
Lair:2:   layout_misc_corridors, minmay_shoals_entry_hut, minivault_27
Lair:3:   layout_chaotic_city, nicolae_spider_entry_tight_spaces,
          lemuel_fruit_fields, lemuel_fruit_fields, infiniplex_staircase_pool
Lair:4:   layout_cave_pods, enter_volcano_2, grunt_megastairs_1,
          lemuel_fruit_fields, infiniplex_staircase_pool_2

Skill      XL: |  1  2  3  4  5  6  7  8  9 10 11 12 13 14 |
---------------+-------------------------------------------+-----
Invocations    | 1 2 3 4 5 6 7 8 9 10 | 10.2
Short Blades   | 1 2 3 4 5 6 8 9 |  9.3
Axes           | 1 2 3 4 5 6 8 9 |  9.3
Maces & Flails | 1 2 3 4 5 6 8 9 |  9.3
Polearms       | 1 2 3 4 5 6 8 9 |  9.3
Staves         | 1 2 3 4 5 6 8 9 |  9.3
Ranged Weapons | 1 2 3 4 5 6 8 9 |  9.3
Throwing       | 1 2 3 4 5 6 8 9 |  9.3
Armour         | 1 2 3 4 5 6 8 9 |  9.3
Dodging        | 1 2 3 4 5 6 8 9 |  9.3
Stealth        | 1 2 3 4 5 6 8 9 |  9.3
Shields        | 1 2 3 4 5 6 8 9 |  9.3
Unarmed Combat | 1 2 3 4 5 6 8 9 |  9.3
Evocations     | 1 2 3 4 5 6 8 9 |  9.3
Spellcasting   | 3 4 5 6 7 8 9 |  9.8
Conjurations   | 1 2 3 4 5 6 7 |  7.8
Hexes          | 1 2 3 4 5 6 7 |  7.8
Summonings     | 1 2 3 4 5 6 7 |  7.8
Necromancy     | 1 2 3 4 5 6 7 |  7.8
Translocations | 1 2 3 4 5 6 7 |  7.8
Transmutations | 1 2 3 4 5 6 7 |  7.8
Ice Magic      | 1 2 3 4 5 6 7 |  7.8
Air Magic      | 1 2 3 4 5 6 7 |  7.8
Earth Magic    | 1 2 3 4 5 6 7 |  7.8
Poison Magic   | 1 2 3 4 5 6 7 |  7.8
Shapeshifting  | 1 2 3 4 5 6 7 |  7.8
Fighting       | 7 8 9 10 11 | 11.4
Long Blades    | 7 8 9 10 11 | 11.4
Fire Magic     | 6 7 8 9 |  9.6

Action                     |  1- 3 |  4- 6 |  7- 9 | 10-12 | 13-15 || total
---------------------------+-------+-------+-------+-------+-------++-------
  Melee: Falchion          |    27 |       |       |       |       ||    27
         Short sword       |    97 |    92 |    98 |       |       ||   287
         Bite              |    10 |    10 |    13 |    18 |    29 ||    80
         Punch             |     5 |     3 |     2 |     6 |    10 ||    26
         Long sword        |       |       |    31 |   163 |    30 ||   224
         Staff             |       |       |       |       |   113 ||   113
  Throw: Javelin           |       |     4 |     1 |       |       ||     5
         Throwing net      |       |       |     1 |       |       ||     1
   Cast: Scorch            |    16 |    69 |   194 |   230 |   168 ||   677
         Call Imp          |       |       |     1 |    23 |    12 ||    36
         Sticky Flame      |       |       |       |    89 |    76 ||   165
         Fulminant Prism   |       |       |       |       |    14 ||    14
         Swiftness         |       |       |       |       |     3 ||     3
 Invoke: Fiery Armour      |       |       |     1 |       |     2 ||     3
         Rising Flame      |       |       |     1 |       |       ||     1
  Evoke: Wand              |       |       |     1 |     2 |     3 ||     6
         Lightning rod     |       |       |       |       |     3 ||     3
    Use: Scroll            |       |     1 |    12 |     7 |     4 ||    24
         Potion            |       |     1 |       |     1 |     5 ||     7
   Stab: Sleeping          |       |       |     1 |     4 |     2 ||     7
 Armour: Robe              |    30 |    23 |       |       |       ||    53
         Leather armour    |       |       |    81 |   161 |   207 ||   449
         Acid dragon scale |       |       |       |       |    12 ||    12
  Dodge: Dodged            |    57 |    50 |   120 |   225 |   212 ||   664

Table legend: (Time is in decaauts)
 A = Elapsed time spent in this place.
 B = Non-inter-level travel time spent in this place.
 C = Inter-level travel time spent in this place.
 D = Time resting spent in this place.
 E = Time spent auto-exploring this place.
 F = Levels seen in this place.
 G = Mean time per level.
                   A        B        C        D        E       F      G
               +--------+--------+--------+--------+--------+-----+--------+
         Total |  29326 |  27300 |   2026 |   6232 |  15768 |  18 | 1629.2 |
       Dungeon |  19344 |  17848 |   1496 |   3231 |  11140 |  12 | 1612.0 |
        Temple |     43 |      2 |     41 |      0 |      0 |   1 |   43.0 |
          Lair |   9573 |   9084 |    489 |   3001 |   4627 |   4 | 2393.2 |
         Abyss |    365 |    365 |      0 |      0 |      0 |   1 |  365.0 |
               +--------+--------+--------+--------+--------+-----+--------+

Top non-repeatable levels by time:
  Lair:1: 2873 daAuts
     D:8: 2871 daAuts
     D:9: 2406 daAuts
  Lair:3: 2369 daAuts
  Lair:2: 2347 daAuts
    D:10: 2334 daAuts
  Lair:4: 1981 daAuts
     D:4: 1728 daAuts
     D:3: 1700 daAuts
     D:5: 1637 daAuts
     D:1: 1355 daAuts
     D:6: 1343 daAuts
     D:7: 1273 daAuts
     D:2: 1241 daAuts
    D:11: 1230 daAuts
